 Dungeon Crawl Stone Soup version 0.31-a0-889-g1a8549509d (webtiles) character file.

Game seed: 6553538817619747409

2067 Arex the Ruffian (level 9, 0/48 HPs)
             Began as a Vine Stalker Fighter on Oct 16, 2023.
             Slain by a killer bee (1 damage)
             ... on level 7 of the Dungeon.
             The game lasted 00:08:25 (5585 turns).

Arex the Ruffian (Vine Stalker Fighter)             Turns: 5585, Time: 00:08:26

Health: 0/48       AC: 13    Str: 23    XL:     9   Next: 26%
Magic:  0/10       EV:  8    Int:  8    God:
Gold:   359        SH: 11    Dex: 20    Spells: 8/8 levels left

rFire   . .          .
                       - Unarmed
rCold   . . .        b - +0 buckler
rNeg    . . .        l - +0 chain mail
rPois   .            r - +0 helmet
rElec   .            x - +0 cloak
rCorr   .            y - +0 pair of gloves
SInv    .            (no boots)
Will    +....        t - amulet of reflection Stlth
                     d - +6 ring of dexterity
HPRegen 1.08/turn    (no ring)
MPRegen 0.12/turn

%: reflection, guardian spirit
@: lethally poisoned (0 -> -1)
A: fangs 3, regeneration 1, magic shield, antimagic bite, no potion heal 2
a: no special abilities


You were on level 7 of the Dungeon.
You visited 2 branches of the dungeon, and saw 8 of its levels.

You collected 359 gold pieces.

Inventory:

Missiles
 j - 10 poisoned darts (quivered)
 D - 2 throwing nets
Armour
 a - a +0 scale mail
 b - a +0 buckler (worn)
 l - a +0 chain mail (worn)
 r - a +0 helmet (worn)
 x - a +0 cloak (worn)
 y - a +0 pair of gloves (worn)
Jewellery
 d - a +6 ring of dexterity (left hand)
 t - an amulet of reflection (around neck)
 u - an amulet of regeneration
 z - a ring of fire
 A - an amulet of the acrobat
 B - an amulet of magic regeneration
 C - an amulet of faith
Talismans
 G - a beast talisman
Wands
 g - a wand of light (8)
 E - a wand of flame (28)
Scrolls
 e - a scroll of vulnerability
 f - a scroll of enchant weapon {unknown}
 h - 5 scrolls of teleportation
 o - a scroll of silence
 q - a scroll of poison {unknown}
 F - a scroll of revelation {unknown}
 H - a scroll of blinking {unknown}
Potions
 c - 2 potions of might
 i - 2 potions of lignification
 k - a potion of cancellation {unknown}
 m - 3 potions of heal wounds
 n - a potion of attraction {unknown}
 p - 4 potions of curing
 s - a potion of enlightenment {unknown}
 v - a potion of mutation
 w - a potion of invisibility


   Skills:
 + Level 5.9 Fighting
 + Level 5.4 Armour
 + Level 6.0 Shields
 + Level 6.1 Unarmed Combat
 + Level 1.8 Shapeshifting


You had 8 spell levels left.
You didn't know any spells.
Your spell library contained the following spells:

 Spells                   Type           Power      Damage    Failure   Level
 Cigotuvi's Dreadful Rot  Necr/Pois/Air  0%         N/A       99%         2
 Dazzling Flash           Conj/Hex       0%         N/A       100%        3
 Ignite Poison            Fire/Tmut/Pois 0%         N/A       100%        3
 Stone Arrow              Conj/Erth      0%         3d7       100%        3
 Animate Armour           Summ/Erth      0%         N/A       100%        4
 Summon Lightning Spire   Summ/Air       0%         N/A       100%        4
 Agony                    Necr           0%         N/A       100%        5
 Freezing Cloud           Conj/Ice/Air   0%         6-21      100%        5
 Lee's Rapid Deconstruct  Erth           0%         3d4*      100%        5
 Silence                  Hex/Air        0%         N/A       100%        5
 Lehudib's Crystal Spear  Conj/Erth      0%         10d2      100%        8


Dungeon Overview and Level Annotations

Branches:
Dungeon (7/15)             Temple (1/1) D:5

Altars:
Ashenzari
Cheibriados
Dithmenos
Elyvilon
Fedhas
Gozag
Hepliaklqana
Kikubaaqudgha
Makhleb
Nemelex Xobeh
Okawaru
Qazlal
Sif Muna
Trog
Uskayaw
Vehumet
Wu Jian
Xom
Yredelemnul
Zin
The Shining One

Shops:
D:4 :

Annotations:
D:5 3 runed translucent doors, wtrnl's ghost, novice OpIE


Innate Abilities, Weirdness & Mutations

You have razor-sharp teeth.
Your natural rate of healing is unusually fast.
When hurt, damage is shared between your health and your magic reserves.
Your bite disrupts and absorbs the magic of your enemies.
Potions cannot restore your health.


Message History

You hit the killer bee but do no damage.
Your bite misses the killer bee.
The killer bee is moderately wounded.
* * * LOW HITPOINT WARNING * * *
You feel sick.
The killer bee stings you but does no damage.
The killer bee barely misses you.
You closely miss the killer bee. You bite the killer bee. You drain its power.
You feel invigorated.
The killer bee is severely wounded.
* * * LOW HITPOINT WARNING * * *
You feel sick. The killer bee barely misses you. The killer bee stings you.
Unknown command.
You barely miss the killer bee.
The killer bee is severely wounded.
You feel sick.
The centaur shouts!
The killer bee stings you but does no damage.
The killer bee closely misses you.
You punch the killer bee!
You kill the killer bee!
The centaur shoots an arrow.
You block the arrow with an invisible shield... and reflect it back!
The arrow barely misses the centaur.
The killer bee closely misses you.
Your Shields skill increases to level 6!
You miss the killer bee.
You bite the killer bee, but do no damage.
The killer bee is lightly wounded.
You feel sick. The killer bee barely misses you.
The centaur shoots an arrow.
You block the arrow with an invisible shield... and reflect it back!
The arrow hits the centaur!
Unknown command.
You hit the killer bee but do no damage.
You bite the killer bee! You drain its power.
You feel invigorated.
The killer bee is severely wounded.
You feel sick. The killer bee barely misses you.
The centaur shoots an arrow.
The arrow hits you!
* * * LOW HITPOINT WARNING * * *
The killer bee stings you.
You die...

...................
.
.......#.........#
...#
.................#
..... .......
..#..<.#####.....
...####
.####...#......# .
... ...#.c....#
#.##.. ..
#.........##......
####......†.......
#...#@#........
#...##y.....#..
.........†......
#...............#
##.##...[........
.# ###.......>..
##.......##
.......## .......#


You could see a centaur and a killer bee.

Vanquished Creatures
  A steam dragon (D:6)
  A water moccasin (D:5)
  2 ice beasts
  A black bear (D:4)
  A centaur (D:5)
  A phantom (D:6)
  3 scorpions
  9 killer bees
  2 howler monkeys (D:7)
  A jelly (D:6)
  A gnoll bouda (D:6)
  2 orc priests
  Natasha (twice) (D:3)
  7 orc wizards
  2 sleepcaps
  3 iguanas
  11 gnolls
  8 adders
  2 ufetubi (D:5)
  2 worms
  2 dart slugs
  19 orcs
  4 bats
  7 endoplasms
  3 giant cockroaches
  6 goblins
  5 hobgoblins
  4 jackals (D:3)
  5 quokkas
  8 ball pythons
  3 frilled lizards
  7 kobolds
  6 rats
141 creatures vanquished.

Vanquished Creatures (others)
  A gnoll (D:5)
1 creature vanquished.

Grand Total: 142 creatures vanquished

Notes
Turn   | Place    | Note
-------+----------+-------------------------------------------
     0 | D:1      | Arex the Vine Stalker Fighter began the quest for the Orb.
     0 | D:1      | Reached XP level 1. HP: 11/11 MP: 2/2
   219 | D:1      | Reached XP level 2. HP: 16/16 MP: 1/3
   848 | D:1      | Reached XP level 3. HP: 20/20 MP: 4/4
  1552 | D:2      | Reached XP level 4. HP: 24/24 MP: 5/5
  1944 | D:3      | Reached XP level 5. HP: 20/28 MP: 2/6
  2092 | D:3      | Reached XP level 6. HP: 30/33 MP: 7/7
  2129 | D:3      | Noticed Natasha
  2135 | D:3      | Killed Natasha
  2306 | D:3      | Noticed Natasha
  2371 | D:3      | Killed Natasha
  2603 | D:4      | Noticed a black bear
  2609 | D:4      | Killed a black bear
  2610 | D:4      | Reached XP level 7. HP: 37/37 MP: 6/8
  2630 | D:4      | Found a basalt altar of Yredelemnul.
  3174 | D:4      | Found Ubbaluih's Book Shoppe.
  3632 | D:5      | Entered Level 5 of the Dungeon
  3679 | D:5      | Found a staircase to the Ecumenical Temple.
  3763 | Temple   | Entered the Ecumenical Temple
  3835 | D:5      | Found a stormy altar of Qazlal.
  3845 | D:5      | Found a blossoming altar of Fedhas.
  4028 | D:5      | Found a sparkling altar of Nemelex Xobeh.
  4417 | D:5      | Found a runed translucent gate.
  4418 | D:5      | Found a runed translucent gate.
  4419 | D:5      | Found a runed translucent gate.
  4420 | D:5      | Found an opulent altar of Gozag.
  4421 | D:5      | Noticed wtrnl's ghost (novice OpIE)
  4627 | D:5      | Gained mutation: You have razor-sharp teeth. [Vine Stalker
                  | growth]
  4627 | D:5      | Reached XP level 8. HP: 33/42 MP: 9/9
  4645 | D:5      | Reached skill level 5 in Fighting
  4645 | D:5      | Reached skill level 5 in Shields
  4701 | D:6      | Reached skill level 5 in Unarmed Combat
  4889 | D:6      | Reached skill level 5 in Armour
  5447 | D:7      | Reached skill level 1 in Shapeshifting
  5447 | D:7      | Reached XP level 9. HP: 48/48 MP: 10/10
  5579 | D:7      | HP: 2/48 [killer bee (1)]
  5584 | D:7      | HP: 2/48 [poisoned by a killer bee]
  5585 | D:7      | Slain by a killer bee

Illustrated notes

Levels and vault maps discovered:
D:1:      dpeg_arrival_round_c, layout_basic, roderic_roman_lattice
D:2:      layout_basic
D:3:      layout_rooms, uniq_natasha
D:4:      layout_basic, marbit_many_paths, serial_shops, nicolae_shop_crystal,
          kennysheep_generic_room_14
D:5:      layout_basic, nemelex_altar_shiori,
          grunt_temple_overflow_forces_of_nature,
          minmay_temple_entry_stoned_glass, ebering_ghost_gozag
D:6:      layout_basic
D:7:      layout_cave_pools, kennysheep_mini
Temple:   minmay_crystal_spiral_temple

Skill      XL: |  1  2  3  4  5  6  7  8  9 |
---------------+----------------------------+-----
Fighting       | 3 4 5 |  5.9
Shields        | 3 4 5 6 |  6.0
Armour         | 3 4 5 |  5.4
Unarmed Combat | 3 4 5 6 |  6.1
Shapeshifting  | 1 |  1.8

Action                     |  1- 3 |  4- 6 |  7- 9 || total
---------------------------+-------+-------+-------++-------
  Melee: Unarmed           |   104 |   187 |   258 ||   549
         Bite              |    32 |    55 |    88 ||   175
  Throw: Dart              |       |       |     1 ||     1
  Evoke: Wand              |       |     1 |     6 ||     7
    Use: Scroll            |       |     6 |     1 ||     7
         Potion            |       |       |     2 ||     2
 Armour: Scale mail        |    27 |       |       ||    27
         Chain mail        |    24 |   111 |   225 ||   360
  Dodge: Dodged            |    40 |    33 |   121 ||   194
  Block: Buckler           |    21 |    57 |   174 ||   252
         Reflection        |       |     1 |     7 ||     8

Table legend: (Time is in decaauts)
 A = Elapsed time spent in this place.
 B = Non-inter-level travel time spent in this place.
 C = Inter-level travel time spent in this place.
 D = Time resting spent in this place.
 E = Time spent auto-exploring this place.
 F = Levels seen in this place.
 G = Mean time per level.
                   A        B        C        D        E       F      G
               +--------+--------+--------+--------+--------+-----+--------+
         Total |   5573 |   5246 |    327 |    296 |   3862 |   8 |  696.6 |
       Dungeon |   5545 |   5231 |    314 |    296 |   3862 |   7 |  792.1 |
        Temple |     27 |     14 |     13 |      0 |      0 |   1 |   27.0 |
               +--------+--------+--------+--------+--------+-----+--------+

Top non-repeatable levels by time:
     D:4: 1231 daAuts
     D:1: 1197 daAuts
     D:5: 995 daAuts
     D:6: 814 daAuts
     D:2: 616 daAuts
     D:3: 587 daAuts
     D:7: 102 daAuts
  Temple: 27 daAuts
